 Dungeon Crawl Stone Soup version 0.16.1-2-g95b8d4c (webtiles) character file.

4003 Chiseanne the Thaumaturge (level 10, 0/63 HPs)
             Began as a Formicid Summoner on Mar 26, 2015.
             Was a Priest of Sif Muna.
             Slain by a manticore (9 damage)
             ... on level 12 of the Dungeon.
             The game lasted 01:19:42 (13405 turns).

Chiseanne the Thaumaturge (Formicid Summoner)      Turns: 13405, Time: 01:19:42

Health: 0/63       AC: 11    Str: 13    XL:     10   Next: 47%
Magic:  1/29       EV: 17    Int: 18    God:    Sif Muna [***...]
Gold:   226        SH:  5    Dex: 16    Spells: 8 memorised, 2 levels left

rFire  . . .     SeeInvis +     d - +0 falchion "Rorhelul" {venom, rPois Stlth+}
rCold  + + .     Clarity  .     Q - +3 leather armour {rC+}
rNeg   . . .     SustAb   .     o - +0 buckler
rPois  +         Gourm    .     (helmet unavailable)
rElec  .         Spirit   .     C - +1 cloak
rCorr  .         Warding  .     i - +1 pair of gloves
rMut   .         Stasis   +     (no boots)
MR     +....                    (no amulet)
Stlth  ++++......               R - ring of protection from cold
                                n - ring of poison resistance

@: agile, somewhat resistant to hostile enchantments, stealthy
A: permanent stasis, dig shafts and tunnels, four strong arms, antennae 3
a: Dig, Shaft Self, Channel Energy, Forget Spell, Renounce Religion


You were on level 12 of the Dungeon.
You worshipped Sif Muna.
Sif Muna was most pleased with you.
You were not hungry.

You visited 1 branch of the dungeon, and saw 12 of its levels.
You also visited: Ossuary.

You collected 646 gold pieces.
You spent 420 gold pieces at shops.

Inventory:

Hand weapons
 a - a +1 trident of venom
 d - the +0 falchion "Rorhelul" (weapon) {venom, rPois Stlth+}
   (You found it on level 8 of the Dungeon)

   It poisons the flesh of those it strikes.
   It protects you from poison.
   It makes you more stealthy.
 s - a cursed +2 battleaxe of freezing
 w - a +0 blowgun
 X - a +0 morningstar of protection
Missiles
 e - 13 sling bullets of frost
 j - 2 throwing nets
 G - 34 poisoned needles
 H - 17 bolts of frost
 I - 10 exploding sling bullets
 P - 13 tomahawks of returning (quivered)
 Y - 17 bolts
Armour
 i - a +1 pair of gloves (worn)
 o - a +0 buckler (worn)
 C - a +1 cloak (worn)
 N - a +0 ring mail of fire resistance
 Q - a +3 leather armour of cold resistance (worn)
Magical staves
 y - an uncursed staff of summoning
Jewellery
 n - a ring of poison resistance (left hand)
 R - a ring of protection from cold (right hand)
Magical devices
 l - a wand of confusion (41)
 z - a wand of paralysis (1)
 B - a wand of digging (17)
 L - a wand of fire (0)
 O - a wand of enslavement (0)
 Z - a wand of heal wounds (0)
Scrolls
 g - a scroll of fear
 m - a scroll of immolation
 p - a scroll of remove curse
 r - 3 scrolls of fog
 F - 2 scrolls of identify
 J - 3 scrolls of recharging
 M - 4 scrolls of amnesia
 V - a scroll of magic mapping
Potions
 f - a potion of agility
 t - 8 potions of curing
 u - 3 potions of brilliance
 v - a potion of might
 x - a potion of resistance
 A - 2 potions of flight
 D - a potion of ambrosia
 E - a potion of invisibility
 K - 2 potions of restore abilities
Books
 b - a book of Callings

   Spells                             Type                      Level
   a - Summon Small Mammal            Summoning                    1
   b - Call Imp                       Summoning                    2
   c - Call Canine Familiar           Summoning                    3
   d - Summon Guardian Golem          Hexes/Summoning              4
   e - Summon Lightning Spire         Summoning/Air                4
   f - Summon Ice Beast               Ice/Summoning                4
 U - the Collected Works on Boosting Companions
   (You acquired it on level 10 of the Dungeon)

   Spells                             Type                      Level
   a - Infusion                       Charms                       1
   b - Song of Slaying                Charms                       2
   c - Shadow Creatures               Summoning                    5
   d - Summon Demon                   Summoning                    5
   e - Spellforged Servitor           Conjuration/Summoning        7
Comestibles
 c - 10 bread rations
 h - 6 meat rations
 q - 9 beef jerkies
 S - a royal jelly


   Skills:
 * Level 4.8 Armour
 - Level 1.7 Dodging
 - Level 2.4 Stealth
 - Level 5.2 Shields
 - Level 10.5 Spellcasting
 * Level 4.4 Hexes
 * Level 8.0 Summonings


You had 2 spell levels left.
You knew the following spells:

 Your Spells              Type           Power        Failure   Level  Hunger
a - Summon Small Mammal   Summ           ####         1%          1    None
b - Call Imp              Summ           #####...     1%          2    None
c - Call Canine Familiar  Summ           #####...     1%          3    None
d - Summon Guardian Gole  Hex/Summ       ####....     10%         4    ###....
e - Summon Ice Beast      Ice/Summ       ###.....     21%         4    ###....
f - Summon Lightning Spi  Summ/Air       ###.....     21%         4    ###....
g - Shadow Creatures      Summ           N/A          12%         5    #####..
h - Summon Demon          Summ           #####.....   12%         5    #####..


Dungeon Overview and Level Annotations

Branches:
Dungeon (12/15)            Temple (0/1) D:7
   Lair: D:8-11         Orc: D:9-12

Altars:
Ashenzari
Cheibriados
Dithmenos
Elyvilon
Fedhas
Nemelex Xobeh
Qazlal
Sif Muna
Trog
Vehumet
Zin
The Shining One

Shops:
D:6 ?:

Annotations:
D:3 Mandevil's ghost, weakling TrVM
D:12 Gastronok


Innate Abilities, Weirdness & Mutations

You are under a permanent stasis effect.
You can dig through walls and to a lower floor.
Your four strong arms can wield two-handed weapons with a shield.
You have a pair of large antennae on your head (SInv).


Message History

You hit the manticore.
The manticore looks even sicker.
The manticore is almost dead.
Your hound bites Gastronok.
Your crimson imp blinks!
The manticore bites you!
* * * LOW HITPOINT WARNING * * *
The manticore misses you. The manticore claws you.
* * * LOW HITPOINT WARNING * * *
Gastronok waves his eye-stalks in wide circles.
Your hound is struck by the twisting air!
Your hound dies!
Your hound's corpse disappears in a puff of smoke!
Your crimson imp hits the manticore.
Evoke which item? (* to show all) (? for menu, Esc to quit)
Zapping:
Z - a wand of heal wounds {zapped: 7} (will waste charges)
Press: ? - help, Shift-Dir - straight line, f - you Nothing appears to happen.
Your crimson imp blinks!
The manticore completely misses you. The manticore claws you!
You die...

#########
#.......#
#.......#
#.......#
#......<#
#....8@.#
.+...§H..#
.....5.r.#
#........#
.........##
.§......§w##
........#{##
.#..<#####(##
...########w##


You could see Gastronok (unaware), a manticore, a rat, a friendly guardian golem
and a friendly crimson imp.

Vanquished Creatures
  Menkaure (Ossuary)
  An ogre (D:6)
  3 giant frogs
  A crimson imp (D:6)
  An iguana (D:4)
  A hound (D:4)
  An orc wizard (D:7)
  A worker ant (D:9)
  2 mummies (Ossuary)
  A giant mite (D:4)
  6 orcs
  A ball python (D:1)
  3 giant cockroaches
  3 gnoll zombies (Ossuary)
  7 hobgoblins
  4 jackals (D:1)
  5 kobolds
  4 bats
  2 giant newts (D:3)
  A giant spore (D:6)
  2 gnoll skeletons (Ossuary)
  5 goblins
  4 goblin skeletons (Ossuary)
  2 goblin zombies (Ossuary)
  A hobgoblin skeleton (Ossuary)
  A hobgoblin zombie (Ossuary)
  4 kobold skeletons (Ossuary)
  2 kobold zombies (Ossuary)
  An orc skeleton (Ossuary)
  2 orc zombies (Ossuary)
  2 quokkas
  3 rats
  A rat skeleton (Ossuary)
  2 rat zombies (Ossuary)
  3 ballistomycetes (D:8)
84 creatures vanquished.

Vanquished Creatures (collateral kills)
  2 two-headed ogres
  The ghost of Yllodra the Firebug, an average DEFE (D:5)
  A deep elf mage (D:10)
  A wyvern (D:11)
  A wraith (D:10)
  A hippogriff (D:10)
  A yak (D:9)
  4 hungry ghosts
  3 wolves (D:11)
  A water moccasin (D:9)
  4 ogres
  A black bear (D:8)
  5 ice beasts
  3 sky beasts
  An orc warrior (D:8)
  4 centaurs
  3 crocodiles (D:10)
  2 necrophages
  Sigmund (D:6)
  A big kobold (D:8)
  3 giant frogs
  2 scorpions (D:7)
  16 killer bees
  A wight (D:7)
  3 goliath beetles
  2 jellies (D:10)
  4 orc priests
  3 orc wizards
  A quasit (D:10)
  A centaur zombie (D:10)
  8 hounds
  A centaur skeleton (D:4)
  A gnoll shaman (D:9)
  An iguana (D:9)
  9 worker ants
  A killer bee zombie (D:5)
  2 mummies
  A hound skeleton (D:9)
  A worker ant zombie (D:9)
  11 adders
  6 gnolls
  A shadow imp (D:10)
  3 giant mites
  2 worms (D:2)
  An adder zombie (D:8)
  8 giant geckos
  29 orcs
  9 bats
  11 hobgoblins
  10 jackals
  18 kobolds
  3 quokkas
  A ball python (D:2)
  3 giant cockroaches
  4 giant newts
  2 gnoll skeletons (Ossuary)
  5 goblins
  A goblin skeleton (Ossuary)
  A goblin zombie (Ossuary)
  A hobgoblin zombie (Ossuary)
  A kobold zombie (Ossuary)
  2 orc skeletons (Ossuary)
  A quokka zombie (D:7)
  11 rats
  2 rat skeletons (Ossuary)
  2 rat zombies (Ossuary)
  A plant (D:4)
252 creatures vanquished.

Vanquished Creatures (others)
  3 yaks (D:9)
  8 wolves
  A warg (D:11)
  11 guardian golems
  21 crimson imps
  An iron imp (D:8)
  22 hounds
  10 shadow imps
  7 white imps
  A kobold (D:1)
  6 bats
  A giant spore (D:8)
  A gnoll skeleton (Ossuary)
  3 goblin skeletons (Ossuary)
  2 goblin zombies (Ossuary)
  A hobgoblin zombie (Ossuary)
  4 kobold zombies (Ossuary)
  An orc zombie (Ossuary)
  5 quokkas
  5 rats
  A rat skeleton (Ossuary)
115 creatures vanquished.

Grand Total: 451 creatures vanquished

Notes
Turn   | Place    | Note
--------------------------------------------------------------
     0 | D:1      | Chiseanne, the Formicid Summoner, began the quest for the Orb.
     0 | D:1      | Reached XP level 1. HP: 13/13 MP: 3/3
   180 | D:1      | Reached XP level 2. HP: 16/19 MP: 0/5
   283 | D:1      | Learned a level 2 spell: Call Imp
   892 | D:1      | Reached XP level 3. HP: 11/24 MP: 2/7
  1056 | D:1      | Learned a level 3 spell: Call Canine Familiar
  1559 | D:2      | Found a bloodstained altar of Trog.
  1630 | D:2      | Reached skill level 5 in Summonings
  1732 | D:2      | Reached XP level 4. HP: 27/30 MP: 1/9
  3146 | D:3      | Found a white marble altar of Elyvilon.
  3185 | D:4      | Reached XP level 5. HP: 30/35 MP: 3/13
  3302 | D:4      | Reached skill level 1 in Shields
  3406 | D:3      | Found a shadowy altar of Dithmenos.
  3509 | D:3      | Noticed Mandevil's ghost (weakling TrVM)
  3726 | D:4      | Noticed an ogre
  3736 | D:4      | Killed an ogre
  3736 | D:4      | Reached skill level 1 in Armour
  3846 | D:4      | Reached XP level 6. HP: 41/41 MP: 4/15
  3848 | D:4      | Noticed an ogre
  3870 | D:4      | Killed an ogre
  3879 | D:4      | Reached skill level 6 in Summonings
  3887 | D:4      | Learned a level 4 spell: Summon Guardian Golem
  4083 | D:4      | Found a shattered altar of Ashenzari.
  4118 | D:4      | Found a white marble altar of Elyvilon.
  4451 | D:5      | Entered Level 5 of the Dungeon
  4483 | D:5      | Noticed Yllodra's ghost (average DEFE)
  4508 | D:5      | Killed Yllodra's ghost
  4508 | D:5      | Reached XP level 7. HP: 46/46 MP: 2/18
  4711 | D:5      | Learned a level 4 spell: Summon Ice Beast
  4813 | D:5      | Found a stormy altar of Qazlal.
  4813 | D:5      | Found a blossoming altar of Fedhas.
  4932 | D:5      | Found a glowing golden altar of the Shining One.
  4932 | D:5      | Found a white marble altar of Elyvilon.
  4932 | D:5      | Found a glowing silver altar of Zin.
  5105 | D:5      | Found a radiant altar of Vehumet.
  5105 | D:5      | Found a sparkling altar of Nemelex Xobeh.
  5105 | D:5      | Found a deep blue altar of Sif Muna.
  5115 | D:5      | Became a worshipper of Sif Muna the Loreminder
  5617 | D:6      | Found Kheanic's Magic Scroll Boutique.
  6104 | D:6      | Reached skill level 5 in Spellcasting
  6135 | D:6      | Noticed Sigmund
  6157 | D:6      | Killed Sigmund
  6343 | D:6      | Found Pnaychuwn's Magic Scroll Emporium.
  6373 | D:6      | Bought a scroll of identify for 24 gold pieces
  6373 | D:6      | Bought a scroll of identify for 24 gold pieces
  6373 | D:6      | Bought a scroll of identify for 24 gold pieces
  6373 | D:6      | Bought a scroll of remove curse for 36 gold pieces
  6373 | D:6      | Bought a scroll of identify for 24 gold pieces
  6373 | D:6      | Bought a scroll of identify for 24 gold pieces
  6373 | D:6      | Bought a scroll of enchant weapon for 90 gold pieces
  6373 | D:6      | Bought a scroll of magic mapping for 42 gold pieces
  6422 | D:6      | Reached XP level 8. HP: 52/52 MP: 9/22
  6757 | D:6      | Found Real's Book Shoppe.
  6869 | D:7      | Acquired Sif Muna's first power
  6869 | D:7      | Reached skill level 7 in Summonings
  7361 | D:7      | Learned a level 4 spell: Summon Lightning Spire
  7501 | D:7      | Reached skill level 1 in Hexes
  8283 | D:7      | Reached XP level 9. HP: 27/57 MP: 18/25
  8722 | D:7      | Found a staircase to the Ecumenical Temple.
  8873 | D:6      | Bought a scroll of enchant armour for 90 gold pieces
  8873 | D:6      | Bought a scroll of amnesia for 42 gold pieces
  9017 | D:8      | Found a sand-covered staircase.
  9022 | Ossuary  | Entered an ossuary
  9297 | Ossuary  | Noticed Menkaure
  9300 | Ossuary  | Killed Menkaure
  9300 | Ossuary  | Acquired Sif Muna's second power
  9300 | Ossuary  | Reached skill level 8 in Spellcasting
  9532 | D:8      | Found a snail-covered altar of Cheibriados.
  9568 | D:8      | Got a wizard robe
  9579 | D:8      | Identified the cursed -5 robe of Forking Paths {rPois Str+2} (You found it on level 8 of the Dungeon)
  9943 | D:8      | Got a steaming falchion
  9944 | D:8      | Identified the +0 falchion "Rorhelul" {venom, rPois Stlth+} (You found it on level 8 of the Dungeon)
 10634 | D:9      | Reached skill level 9 in Spellcasting
 11036 | D:9      | Reached skill level 5 in Shields
 11499 | D:9      | Reached XP level 10. HP: 63/63 MP: 29/29
 11796 | D:10     | Entered Level 10 of the Dungeon
 11990 | D:10     | Reached skill level 10 in Spellcasting
 12486 | D:10     | Identified a scroll of acquirement
 12487 | D:10     | Identified the Collected Works on Boosting Companions (You acquired it on level 10 of the Dungeon)
 12494 | D:10     | Learned a level 5 spell: Shadow Creatures
 12500 | D:10     | Learned a level 5 spell: Summon Demon
 13169 | D:11     | Noticed a hill giant
 13339 | D:12     | Noticed Gastronok
 13339 | D:12     | Noticed a manticore
 13405 | D:12     | Slain by a manticore

Action                   |  1- 3 |  4- 6 |  7- 9 | 10-12 || total
-------------------------+-------+-------+-------+-------++-------
Melee: Dagger            |    78 |    73 |    60 |       ||   211
       Unarmed           |     1 |       |       |       ||     1
       Short sword       |       |       |   101 |       ||   101
       Battleaxe         |       |       |    16 |       ||    16
       Falchion          |       |       |     6 |    12 ||    18
       Trident           |       |       |     5 |       ||     5
       Staff             |       |       |     3 |     2 ||     5
 Cast: Summon Small Mamm |    31 |     3 |    22 |     7 ||    63
       Call Imp          |    10 |    43 |   107 |    35 ||   195
       Call Canine Famil |       |    19 |    53 |    18 ||    90
       Summon Guardian G |       |       |    22 |    22 ||    44
       Shadow Creatures  |       |       |       |     2 ||     2
       Summon Demon      |       |       |       |     1 ||     1
 Abil: Dig               |    11 |    28 |    65 |    31 ||   135
Evoke: Wand              |       |       |     4 |     5 ||     9
  Use: Potion            |     1 |       |       |     3 ||     4
       Scroll            |     1 |    14 |    19 |     4 ||    38
 Stab: Sleeping          |     1 |     2 |       |       ||     3
       Distracted        |       |       |     4 |     1 ||     5
  Eat: Chunk             |     5 |    16 |    29 |    11 ||    61
       Beef jerky        |       |       |     1 |       ||     1
       Fruit             |       |       |     4 |       ||     4
       Pizza             |       |       |     2 |       ||     2
       Royal jelly       |       |       |     1 |     1 ||     2
